 Dungeon Crawl Stone Soup version 0.31.0-32-g396128a36d (webtiles) character file.

Game seed: 3104992846536117311

14930 AdnanSaban the Basher (level 12, -2/76 HPs)
             Began as a Gargoyle Fighter on Apr 17, 2024.
             Was a High Priest of Okawaru.
             Slain by a four-headed hydra (5 damage)
             ... on level 2 of the Lair of Beasts.
             The game lasted 00:16:05 (13931 turns).

AdnanSaban the Basher (Gargoyle Fighter)           Turns: 13931, Time: 00:16:06

Health: -2/76      AC: 30    Str: 24    XL:     12   Next: 21%
Magic:  5/5        EV:  8    Int:  7    God:    Okawaru [*****.]
Gold:   620        SH:  6    Dex: 14    Spells: 11/11 levels left

rFire   . . .        j - +6 flail "Bot Zyst" {antimagic, Int-3 Dex+5 SInv}
rCold   . . .        c - +0 buckler
rNeg    + . .        C - +2 plate armour {rPois}
rPois   ∞            (no helmet)
rElec   +            F - +0 cloak
rCorr   .            M - +2 pair of gloves
SInv    +            (no boots)
Will    .....        (no amulet) Stlth
                     (no ring)
HPRegen 0.32/turn    (no ring)
MPRegen 0.09/turn

%: no passive effects
@: studying Shields
A: sickness immunity, AC +8, negative energy resistance 1, electricity
resistance, torment resistance 1, petrification resistance
a: Renounce Religion, Heroism, Finesse, Duel


You were on level 2 of the Lair of Beasts.
You worshipped Okawaru.
Okawaru was extremely pleased with you.
You visited 3 branches of the dungeon, and saw 15 of its levels.

You collected 620 gold pieces.

Inventory:

Hand Weapons
 j - the +6 flail "Bot Zyst" (weapon) {antimagic, Int-3 Dex+5 SInv}
   (You found it on level 2 of the Dungeon)

   Int-3:     It affects your intelligence (-3).
   Dex+5:     It affects your dexterity (+5).
   SInv:      It lets you see invisible.
 Q - a +1 morningstar of holy wrath
Missiles
 q - a throwing net
 v - 30 poisoned darts (quivered)
 w - 7 boomerangs
 L - 3 darts of dispersal
 O - 3 silver javelins
Armour
 c - a +0 buckler (worn)
 C - a +2 plate armour of poison resistance (worn)
 F - a +0 cloak (worn)
 M - a +2 pair of gloves (worn)
Jewellery
 B - a ring of ice
Wands
 p - a wand of iceblast (24)
 G - a wand of mindburst (5)
 J - a wand of light (4)
Scrolls
 b - 2 scrolls of noise {unknown}
 f - 2 scrolls of blinking {unknown}
 m - 7 scrolls of teleportation {unknown}
 n - 3 scrolls of revelation {unknown}
 o - 4 scrolls of immolation {unknown}
 s - 16 scrolls of identify {unknown}
 t - a scroll of silence {unknown}
 u - 2 scrolls of brand weapon {unknown}
 x - 3 scrolls of fog {unknown}
 y - a scroll of amnesia {unknown}
 E - a scroll of torment {unknown}
 H - 3 scrolls of fear {unknown}
 K - 3 scrolls of butterflies {unknown}
 N - a scroll of enchant armour {unknown}
 P - 2 scrolls of poison {unknown}
 R - a scroll of enchant weapon {unknown}
Potions
 a - 4 potions of enlightenment {unknown}
 d - 2 potions of might
 e - 2 potions of attraction {unknown}
 g - 7 potions of brilliance {unknown}
 h - 2 potions of magic {unknown}
 i - 4 potions of lignification {unknown}
 k - 2 potions of ambrosia {unknown}
 l - 7 potions of curing {unknown}
 r - a potion of resistance {unknown}
 z - a potion of mutation {unknown}
 A - a potion of berserk rage {unknown}
 D - a potion of degeneration {unknown}
 I - a potion of cancellation {unknown}
 S - a potion of heal wounds {unknown}


   Skills:
 + Level 9.1 Fighting
 + Level 12.6 Maces & Flails
 + Level 2.8 Throwing
 + Level 10.6 Armour
 + Level 2.8 Dodging
 + Level 1.2 Stealth
 + Level 9.2 Shields
 - Level 5.0 Invocations


You had 11 spell levels left.
You didn't know any spells.
Your spell library contained the following spells:

 Spells                   Type           Power      Damage    Failure   Level
 Dazzling Flash           Conj/Hex       0%         N/A       100%        3
 Mephitic Cloud           Conj/Alch/Air  0%         N/A       100%        3
 Ignite Poison            Fire/Alch      0%         N/A       100%        4
 Sticky Flame             Fire/Alch      0%         2d4       100%        4
 Curse of Agony           Necr           0%         N/A       100%        5
 Silence                  Hex/Air        0%         N/A       100%        5
 Ignition                 Fire           0%         3d3       100%        8


Dungeon Overview and Level Annotations

Branches:
Dungeon (12/15)            Temple (1/1) D:5            Lair (2/5) D:10
    Orc (0/2) D:12
  Swamp: Lair:2-3    Shoals: Lair:2-3     Snake: Lair:2-3    Spider: Lair:2-3

Altars:
Ashenzari
Cheibriados
Dithmenos
Elyvilon
Fedhas
Gozag
Hepliaklqana
Kikubaaqudgha
Makhleb
Nemelex Xobeh
Okawaru
Qazlal
Ru
Sif Muna
Trog
Uskayaw
Vehumet
Wu Jian
Xom
Yredelemnul
Zin
The Shining One

Shops:
D:6 ?   D:7 *   D:10 [

Annotations:
D:4 2 transporters, mora's ghost, novice OpBr


Innate Abilities, Weirdness & Mutations

You are immune to sickness and miasma.
Your stone body is resilient. (AC +8)
You are immune to poison.
You resist negative energy. (rN+)
You are resistant to electric shocks. (rElec)
You are resistant to unholy torment.
You are immune to petrification.


Message History

The water moccasin is severely wounded.
You block the water moccasin's attack.
You miss the water moccasin.
The water moccasin is severely wounded.
The water moccasin closely misses you.
You hit the water moccasin.
The water moccasin is almost dead.
The water moccasin completely misses you.
You sock the water moccasin!
You kill the water moccasin!
Okawaru accepts your kill. Okawaru grants you throwing weapons!
Something appears at your feet!
You closely miss the cane toad.
The cane toad is heavily wounded.
You block the cane toad's attack.
You hit the cane toad but do no damage.
The cane toad is heavily wounded.
You feel like a meek peon again. You block the cane toad's attack.
You sock the cane toad!
The cane toad is severely wounded.
You bludgeon the four-headed hydra!!
The four-headed hydra is moderately wounded.
You sock the four-headed hydra!
The four-headed hydra is heavily wounded.
The four-headed hydra closely misses you.
You block the four-headed hydra's attack.
The four-headed hydra bites you but does no damage. x2
You sock the four-headed hydra!
The four-headed hydra is severely wounded.
The four-headed hydra bites you!
* * * LOW HITPOINT WARNING * * *
The four-headed hydra bites you but does no damage. x2
The four-headed hydra bites you.
* * * LOW HITPOINT WARNING * * *
You hit the four-headed hydra.
The four-headed hydra is severely wounded.
The four-headed hydra bites you.
You die...

.. $. ####.#
#.PP.## #.....#
......#
###.....#
#@DF../.#
#....##F....#
##... #....##
#... #...#....
##..##.D.##...
#....#.#.#.#.#
##..#.l.......
#....#<#.#.#.#
...............


You could see a four-headed hydra and 2 cane toads.

Vanquished Creatures
  2 two-headed ogres
  Nergalle (D:10)
  A cyclops (D:11)
  A gargoyle (D:12)
  A cane toad (Lair:1)
  A torpor snail (Lair:1)
  A kobold demonologist (D:10)
  6 komodo dragons
  4 trolls
  A blink frog (Lair:2)
  3 dream sheep (Lair:1)
  A shadow (D:10)
  4 wyverns
  20 yaks
  A wraith (D:11)
  A basilisk (D:12)
  5 vampire mosquitoes
  Edmund (D:5)
  5 water moccasins
  4 orc warriors
  3 sky beasts
  A swamp drake (D:10)
  2 ogres
  3 centaurs
  A phantom (D:5)
  2 kobold brigands
  3 bullfrogs
  A brain worm (shapeshifter) (D:12)
  A scorpion (D:7)
  3 wights (D:8)
  7 howler monkeys
  4 hounds
  3 gnoll boudas
  2 jellies
  8 orc priests
  3 iguanas
  A sleepcap (D:6)
  Natasha (thrice) (D:3)
  6 orc wizards
  5 adders
  29 gnolls
  2 white imps (D:6)
  3 ufetubi
  2 dart slugs (D:1)
  A ribbon worm (D:2)
  42 orcs
  4 ball pythons
  7 bats
  9 endoplasms
  3 giant cockroaches
  8 goblins
  7 hobgoblins
  22 jackals
  3 quokkas
  4 frilled lizards
  18 kobolds
  5 rats
295 creatures vanquished.

Notes
Turn   | Place    | Note
-------+----------+-------------------------------------------
     0 | D:1      | AdnanSaban the Gargoyle Fighter began the quest for the
                  | Orb.
     0 | D:1      | Reached XP level 1. HP: 14/14 MP: 1/1
    65 | D:1      | Reached XP level 2. HP: 19/19 MP: 2/2
   330 | D:1      | Reached XP level 3. HP: 23/23 MP: 3/3
  1181 | D:2      | Reached skill level 3 in Maces & Flails
  1181 | D:2      | Reached XP level 4. HP: 27/28 MP: 4/4
  1208 | D:2      | Identified the +6 flail "Bot Zyst" {antimagic, Int-3 Dex+5
                  | SInv}
  1599 | D:3      | Found a burning altar of Makhleb.
  1627 | D:3      | Found an ornate altar of the Wu Jian Council.
  1631 | D:3      | Found a hide-covered altar of Uskayaw.
  1837 | D:3      | Noticed Natasha
  1842 | D:3      | Killed Natasha
  1843 | D:3      | Reached XP level 5. HP: 25/33 MP: 1/5
  2150 | D:3      | Noticed Natasha
  2159 | D:3      | Killed Natasha
  2227 | D:3      | Found a blossoming altar of Fedhas.
  2274 | D:3      | Noticed Natasha
  2281 | D:3      | Killed Natasha
  2479 | D:4      | Reached skill level 1 in Dodging
  2479 | D:4      | Reached XP level 6. HP: 32/38 MP: 2/6
  2666 | D:4      | Reached skill level 4 in Maces & Flails
  2771 | D:4      | Reached skill level 5 in Armour
  2903 | D:4      | Found a transporter.
  2935 | D:4      | Noticed mora's ghost (novice OpBr)
  3088 | D:4      | Found a transporter.
  3158 | D:4      | Reached XP level 7. HP: 40/43 MP: 2/7
  3278 | D:4      | Reached skill level 5 in Maces & Flails
  3839 | D:5      | Entered Level 5 of the Dungeon
  3919 | D:5      | Found a staircase to the Ecumenical Temple.
  3936 | D:5      | Reached skill level 6 in Maces & Flails
  3936 | D:5      | Reached XP level 8. HP: 48/48 MP: 2/8
  3940 | Temple   | Entered the Ecumenical Temple
  3957 | Temple   | Became a worshipper of Warmaster Okawaru
  4030 | D:5      | Reached skill level 5 in Fighting
  4928 | D:6      | Reached skill level 7 in Maces & Flails
  5060 | D:6      | Reached skill level 5 in Shields
  5188 | D:6      | Noticed Edmund
  5206 | D:5      | Killed Edmund
  5206 | D:5      | Reached * piety under Okawaru
  5337 | D:6      | Reached skill level 1 in Invocations
  5492 | D:6      | Reached XP level 9. HP: 50/55 MP: 2/10
  5506 | D:6      | Noticed a troll
  5515 | D:6      | Killed a troll
  5705 | D:6      | Found Coyleb's Magic Scroll Emporium.
  6051 | D:7      | Reached ** piety under Okawaru
  6148 | D:7      | Reached skill level 1 in Throwing
  6585 | D:7      | Reached skill level 8 in Maces & Flails
  6621 | D:7      | Found a white marble altar of Elyvilon.
  6940 | D:7      | Found Fofol's Assorted Antiques.
  7258 | D:8      | Reached *** piety under Okawaru
  7272 | D:8      | Reached XP level 10. HP: 29/61 MP: 4/13
  7331 | D:8      | Reached skill level 9 in Maces & Flails
  8156 | D:9      | Reached **** piety under Okawaru
  8291 | D:9      | Reached skill level 5 in Invocations
  8771 | D:9      | Found a glowing golden altar of the Shining One.
  8943 | D:10     | Entered Level 10 of the Dungeon
  8957 | D:10     | Reached skill level 10 in Maces & Flails
  8967 | D:10     | Noticed a two-headed ogre
  9139 | D:10     | Reached ***** piety under Okawaru
  9373 | D:10     | Found a staircase to the Lair.
  9499 | D:10     | Reached XP level 11. HP: 60/68 MP: 4/14
  9649 | D:10     | Found Veocrai Suli's Armour Shoppe.
  9721 | D:10     | Noticed Nergalle
  9743 | D:10     | Killed Nergalle
  9744 | D:10     | Reached skill level 11 in Maces & Flails
  9922 | D:10     | Received a gift from Okawaru
 10031 | D:10     | Killed a two-headed ogre
 10453 | D:11     | Noticed a cyclops
 10459 | D:11     | Noticed a sixfirhy
 10631 | D:11     | Reached skill level 1 in Stealth
 10877 | D:11     | Killed a cyclops
 11357 | D:11     | Noticed a two-headed ogre
 11368 | D:11     | Killed a two-headed ogre
 11368 | D:11     | Received a gift from Okawaru
 12508 | D:12     | Found a staircase to the Orcish Mines.
 12724 | D:12     | Found a shadowy altar of Dithmenos.
 13009 | D:12     | Noticed a red ugly thing
 13117 | Lair:1   | Entered Level 1 of the Lair of Beasts
 13200 | Lair:1   | Reached skill level 10 in Armour
 13236 | Lair:1   | Reached skill level 12 in Maces & Flails
 13414 | Lair:1   | Reached XP level 12. HP: 25/75 MP: 3/15
 13900 | Lair:2   | Noticed a four-headed hydra
 13924 | Lair:2   | Received a gift from Okawaru
 13930 | Lair:2   | HP: 3/76 [four-headed hydra (5)]
 13931 | Lair:2   | Slain by a four-headed hydra

Illustrated notes

Levels and vault maps discovered:
D:1:      nicolae_arrival_washed_ashore, layout_basic
D:2:      layout_rooms, serial_park_tiny_1, amcnicky_mini_rare_corridor_liquid,
          corexii_shack
D:3:      layout_basic, nicolae_overflow_macrodata_refinement, minivault_14,
          minmay_between, uniq_natasha
D:4:      lemuel_castle_with_subvaults [lemuel_castle_interior_carwin_3],
          layout_gridville, gammafunk_ghost_stat_death, minmay_misc_feat_square
D:5:      layout_loops_ring, minmay_temple_entry_overgrown, nicolae_titane
D:6:      layout_gridville, serial_shops, shop, minmay_manual_monstrance,
          uniq_edmund
D:7:      layout_layer_cave, elyvilon_altar_3, serial_shops,
          nicolae_lakefront_shop
D:8:      layout_gridville
D:9:      layout_roguey, tso_altar
D:10:     layout_basic, erik_lair_dragon, serial_shops, nicolae_shop_stone,
          uniq_nergalle
D:11:     layout_gridville
D:12:     layout_layer_cave, david_orc_2, grunt_dithmenos_smoke_and_mirrors
Temple:   lightli_temple_of_artemis
Lair:1:   layout_cave_shapes, lemuel_old_faithful
Lair:2:   layout_hall_layers, chequers_serial_rivers_room_b, st_stairs_11

Skill      XL: |  1  2  3  4  5  6  7  8  9 10 11 12 |
---------------+-------------------------------------+-----
Maces & Flails | 3 4 6 7 8 10 12 | 12.6
Armour         | 4 5 6 7 8 10 | 10.6
Dodging        | 1 2 |  2.8
Shields        | 4 5 6 7 8 9 |  9.2
Fighting       | 4 5 6 8 9 |  9.1
Invocations    | 1 4 5 |  5.0
Throwing       | 1 2 |  2.8
Stealth        | 1 |  1.2

Action                     |  1- 3 |  4- 6 |  7- 9 | 10-12 || total
---------------------------+-------+-------+-------+-------++-------
  Melee: Flail             |   161 |   175 |   346 |   478 ||  1160
  Throw: Dart              |       |       |     2 |    38 ||    40
 Invoke: Heroism           |       |       |       |     3 ||     3
 Armour: Scale mail        |   124 |   144 |    90 |       ||   358
         Plate armour      |       |       |   265 |   463 ||   728
  Dodge: Dodged            |   112 |   106 |   160 |   168 ||   546
  Block: Buckler           |    36 |    49 |   113 |   148 ||   346
